SAAA
SALT LAKE CITY BUZZ @ ALLOWAY HALBERDS
07/03/2028
 
TOP OF THE 1ST
Salt Lake City Buzz batting - Pitching for Alloway Halberds : LHP John Hamilton
Pitching: LHP John Hamilton
Batting: RHB Alejandro Herrera 0-0: Ball
1-0: Ball
2-0: Ball
3-0: Called Strike
3-1: Foul Ball, location: 2F
3-2: SINGLE (Groundball, 34D)
Batting: RHB Justin MacPherson 0-0: Ball
1-0: Ball
2-0: Called Strike
2-1: Grounds into double play, 4-6-3 (Groundball, 4)
Batting: LHB Frank Sharp 0-0: Ball
1-0: Fly out, F9 (Flyball, 89S)
Top of the 1st over - 0 run(s), 1 hit(s), 0 error(s), 0 left on base; Salt Lake City 0 - Alloway 0
BOTTOM OF THE 1ST
Alloway Halberds batting - Pitching for Salt Lake City Buzz : RHP Caleb Sobieski
Pitching: RHP Caleb Sobieski
Batting: RHB Rafael Delgado 0-0: Called Strike
0-1: Ball
1-1: Foul Ball, location: 2F
1-2: Strikes out swinging
Batting: RHB Bryan Clifton 0-0: Called Strike
0-1: Ball
1-1: Ball
2-1: Foul Ball, location: 2F
2-2: Foul Ball, location: 2F
2-2: Ball
3-2: Base on Balls
Batting: LHB Jorge Flores 0-0: Ball
1-0: SINGLE (Groundball, 6D)
Bryan Clifton to second
Batting: RHB Vito Middendorf 0-0: Ball
1-0: SINGLE (Groundball, 6MD)
Bryan Clifton to third
Jorge Flores to second
Runner from 3rd tries for Home, SAFE, no throw
Batting: RHB Juan Salinas 0-0: Called Strike
0-1: Called Strike
0-2: Ball
1-2: Fielders Choice at 3rd, U5 (Groundball, 5L)
Vito Middendorf to second
Batting: RHB Christovão Galho 0-0: Ball
1-0: Ball
2-0: Called Strike
2-1: Foul Ball, location: 2F
2-2: Strikes out looking
Bottom of the 1st over - 1 run(s), 2 hit(s), 0 error(s), 2 left on base; Salt Lake City 0 - Alloway 1
TOP OF THE 2ND
Salt Lake City Buzz batting - Pitching for Alloway Halberds : LHP John Hamilton
Batting: RHB Vicente Cruz 0-0: Ball
1-0: Ball
2-0: Swinging Strike
2-1: Foul Ball, location: 2F
2-2: Ground out U3 (Groundball, 3L)
Batting: LHB Roberto Soto 0-0: Swinging Strike
0-1: Swinging Strike
0-2: Ball
1-2: Ball
2-2: Ball
3-2: Foul Ball, location: 2F
3-2: Base on Balls
Batting: RHB Jung-hwan Kwon 0-0: Called Strike
0-1: Foul Ball, location: 2F
0-2: Ball
Roberto Soto is caught stealing 2nd base
1-2: Ground out 6-3 (Groundball, 6)
Top of the 2nd over - 0 run(s), 0 hit(s), 0 error(s), 0 left on base; Salt Lake City 0 - Alloway 1
BOTTOM OF THE 2ND
Alloway Halberds batting - Pitching for Salt Lake City Buzz : RHP Caleb Sobieski
Batting: RHB Carlos De Jesús 0-0: Called Strike
0-1: Ball
1-1: SINGLE (Flyball, 4D)
Batting: RHB Nathan Boswell 0-0: Ball
1-0: Fly out, F9 (Flyball, 9LS)
Batting: RHB Wes Bradley 0-0: Foul Ball, location: 2F
0-1: Called Strike
0-2: Ball
1-2: Grounds into double play, 6-4-3 (Groundball, 6)
Bottom of the 2nd over - 0 run(s), 1 hit(s), 0 error(s), 0 left on base; Salt Lake City 0 - Alloway 1
TOP OF THE 3RD
Salt Lake City Buzz batting - Pitching for Alloway Halberds : LHP John Hamilton
Batting: SHB Wayne Saunders 0-0: Called Strike
0-1: Swinging Strike
0-2: Ball
1-2: Strikes out swinging
Batting: LHB Ángel Aguilar 0-0: Foul Ball, location: 2F
0-1: SINGLE (Flyball, 7S)
Batting: RHB Quigley Gibson 0-0: Called Strike
0-1: Called Strike
0-2: Strikes out swinging
Ángel Aguilar steals 2nd base
Batter strikes out.
Batting: RHB Alejandro Herrera 0-0: Called Strike
0-1: Ground out 6-3 (Groundball, 6)
Top of the 3rd over - 0 run(s), 1 hit(s), 0 error(s), 1 left on base; Salt Lake City 0 - Alloway 1
BOTTOM OF THE 3RD
Alloway Halberds batting - Pitching for Salt Lake City Buzz : RHP Caleb Sobieski
Batting: RHB Rafael Delgado 0-0: Ground out 4-3 (Groundball, 4)
Batting: RHB Bryan Clifton 0-0: Ball
1-0: Called Strike
1-1: Ball
2-1: Swinging Strike
2-2: Ball
3-2: Foul Ball, location: 2F
3-2: Strikes out swinging
Batting: LHB Jorge Flores 0-0: Ball
1-0: Foul Ball, location: 2F
1-1: Ball
2-1: Foul Ball, location: 2F
2-2: Foul Ball, location: 2F
2-2: Ball
3-2: Ground out U3 (Groundball, 34)
Bottom of the 3rd over - 0 run(s), 0 hit(s), 0 error(s), 0 left on base; Salt Lake City 0 - Alloway 1
TOP OF THE 4TH
Salt Lake City Buzz batting - Pitching for Alloway Halberds : LHP John Hamilton
Batting: RHB Justin MacPherson 0-0: Ball
1-0: Foul Ball, location: 2F
1-1: Foul Ball, location: 2F
1-2: Strikes out swinging
Batting: LHB Frank Sharp 0-0: Ball
1-0: Ball
2-0: Ball
3-0: Called Strike
3-1: Base on Balls
Batting: RHB Vicente Cruz 0-0: Called Strike
0-1: Fly out, F5 (Popup, 5L)
Batting: LHB Roberto Soto 0-0: Called Strike
0-1: Fly out, F3 (Popup, 3S)
Top of the 4th over - 0 run(s), 0 hit(s), 0 error(s), 1 left on base; Salt Lake City 0 - Alloway 1
BOTTOM OF THE 4TH
Alloway Halberds batting - Pitching for Salt Lake City Buzz : RHP Caleb Sobieski
Batting: RHB Vito Middendorf 0-0: SINGLE (Groundball, 56D)
Batting: RHB Juan Salinas 0-0: Ball
1-0: Foul Ball, location: 2F
1-1: Swinging Strike
1-2: Hit by Pitch
Vito Middendorf to second
Batting: RHB Christovão Galho 0-0: Ball
1-0: Called Strike
1-1: Ball
2-1: Grounds into double play, 6-4-3 (Groundball, 6)
Vito Middendorf to third
Batting: RHB Carlos De Jesús 0-0: Ball
1-0: Foul Ball, location: 2F
1-1: Swinging Strike
1-2: Ball
2-2: Ground out 6-3 (Groundball, 56)
Bottom of the 4th over - 0 run(s), 1 hit(s), 0 error(s), 1 left on base; Salt Lake City 0 - Alloway 1
TOP OF THE 5TH
Salt Lake City Buzz batting - Pitching for Alloway Halberds : LHP John Hamilton
Batting: RHB Jung-hwan Kwon 0-0: Called Strike
0-1: Ball
1-1: Ball
2-1: Ball
3-1: Ball
Batting: SHB Wayne Saunders 0-0: Swinging Strike
0-1: Bunt missed!
0-2: Fly out, F8 (Flyball, 8RS)
Batting: LHB Ángel Aguilar 0-0: Ball
1-0: Ground out U3 (Groundball, 34)
Jung-hwan Kwon to second
Batting: RHB Quigley Gibson 0-0: Ball
1-0: Ball
2-0: Ball
3-0: Base on Balls
Batting: RHB Alejandro Herrera 0-0: Fielders Choice at 2nd, 6-4 (Groundball, 6)
Top of the 5th over - 0 run(s), 0 hit(s), 0 error(s), 1 left on base; Salt Lake City 0 - Alloway 1
BOTTOM OF THE 5TH
Alloway Halberds batting - Pitching for Salt Lake City Buzz : RHP Caleb Sobieski
Batting: RHB Nathan Boswell 0-0: Ground out 6-3 (Groundball, 6)
Batting: RHB Wes Bradley 0-0: Ball
1-0: Ball
2-0: Called Strike
2-1: Foul Ball, location: 2F
2-2: Fly out, F5 (Popup, 5D)
Batting: RHB Rafael Delgado 0-0: Called Strike
0-1: Foul Ball, location: 2F
0-2: Ball
1-2: Fly out, F5 (Popup, 5L)
Bottom of the 5th over - 0 run(s), 0 hit(s), 0 error(s), 0 left on base; Salt Lake City 0 - Alloway 1
TOP OF THE 6TH
Salt Lake City Buzz batting - Pitching for Alloway Halberds : LHP John Hamilton
Batting: RHB Justin MacPherson 0-0: Foul Ball, location: 2F
0-1: Ground out 6-3 (Groundball, 6)
Batting: LHB Frank Sharp 0-0: Ball
1-0: Called Strike
1-1: Foul Ball, location: 2F
1-2: Foul Ball, location: 2F
1-2: Ground out U3 (Groundball, 34)
Batting: RHB Vicente Cruz 0-0: Called Strike
0-1: Ball
1-1: Called Strike
1-2: Ball
2-2: Strikes out swinging
Top of the 6th over - 0 run(s), 0 hit(s), 0 error(s), 0 left on base; Salt Lake City 0 - Alloway 1
BOTTOM OF THE 6TH
Alloway Halberds batting - Pitching for Salt Lake City Buzz : RHP Caleb Sobieski
Batting: RHB Bryan Clifton 0-0: Called Strike
0-1: Swinging Strike
0-2: Foul Ball, location: 2F
0-2: Strikes out swinging
Batting: LHB Jorge Flores 0-0: Ball
1-0: Ball
2-0: Fly out, F8 (Flyball, 8LM)
Batting: RHB Vito Middendorf 0-0: Called Strike
0-1: Ball
1-1: Foul Ball, location: 2F
1-2: Ball
2-2: Reached on error, E5 (Groundball, 56)
Batting: RHB Juan Salinas 0-0: Called Strike
0-1: Ball
1-1: Ball
2-1: Foul Ball, location: 2F
2-2: Strikes out swinging
Bottom of the 6th over - 0 run(s), 0 hit(s), 1 error(s), 1 left on base; Salt Lake City 0 - Alloway 1
TOP OF THE 7TH
Salt Lake City Buzz batting - Pitching for Alloway Halberds : LHP John Hamilton
Batting: LHB Roberto Soto 0-0: Ball
1-0: Ball
2-0: Ball
3-0: Called Strike
3-1: Base on Balls
Batting: RHB Jung-hwan Kwon 0-0: Ball
1-0: Sac Bunt - play at first, batter OUT! 2-3
Roberto Soto to second
Batting: SHB Wayne Saunders 0-0: Called Strike
Roberto Soto steals 3rd base
0-1: Ball
1-1: Called Strike
1-2: Fly out, F9 (Flyball, 9S)
Runner from 3rd tags up, SCORES, throw made
Pinch Hitting: RHB Josh Stafford 0-0: Ball
1-0: Fly out, F4 (Popup, 4)
Top of the 7th over - 1 run(s), 0 hit(s), 0 error(s), 0 left on base; Salt Lake City 1 - Alloway 1
BOTTOM OF THE 7TH
Alloway Halberds batting - Pitching for Salt Lake City Buzz : RHP Caleb Sobieski
Now at 3B: Josh Stafford
Pinch Hitting: RHB Jarred Morgan 0-0: Swinging Strike
0-1: Called Strike
0-2: Ball
1-2: Ball
2-2: Ball
3-2: Foul Ball, location: 2F
3-2: Foul Ball, location: 2F
3-2: Fly out, F9 (Flyball, 9S)
Batting: RHB Carlos De Jesús 0-0: Ball
1-0: Ball
2-0: Foul Ball, location: 2F
2-1: Foul Ball, location: 2F
2-2: Ground out 5-3 (Groundball, 56S)
Pinch Hitting: LHB Jesús Trevino 0-0: Ball
1-0: Foul Ball, location: 2F
1-1: Ball
2-1: Foul Ball, location: 2F
2-2: Fly out, F8 (Flyball, 89D)
Bottom of the 7th over - 0 run(s), 0 hit(s), 0 error(s), 0 left on base; Salt Lake City 1 - Alloway 1
TOP OF THE 8TH
Salt Lake City Buzz batting - Pitching for Alloway Halberds : LHP John Hamilton
Now at 1B: José Zarate
Now at 3B: Jesús Trevino
Batting: RHB Quigley Gibson 0-0: Called Strike
0-1: Swinging Strike
0-2: Foul Ball, location: 2F
0-2: Ball
1-2: Ball
2-2: DOUBLE (Line Drive, 7LM)
Pinch Hitting: SHB Pablo Coloa 0-0: Foul Ball, location: 2F
0-1: Foul Ball, location: 2F
0-2: Strikes out swinging
Batting: RHB Justin MacPherson 0-0: Ball
1-0: Ball
2-0: Called Strike
2-1: Ball
3-1: Base on Balls
Pitching: RHP Rewa Malaki
Batting: LHB Frank Sharp 0-0: Swinging Strike
0-1: Ball
1-1: SINGLE (Groundball, 34D)
Quigley Gibson to third
Justin MacPherson to second
Runner from 3rd tries for Home, throw and OUT!
Justin MacPherson to third
Frank Sharp to second
Pinch Hitting: SHB Jasper Otto 0-0: Ball
1-0: Ball
2-0: Called Strike
2-1: SINGLE (Flyball, 7LS)
Justin MacPherson scores
Frank Sharp to third
Runner from 3rd tries for Home, SAFE, no throw
Batting: LHB Roberto Soto 0-0: SINGLE (Groundball, 13) (infield hit)
Jasper Otto to second
Batting: RHB Jung-hwan Kwon 0-0: SINGLE (Line Drive, 6MD)
Jasper Otto to third
Roberto Soto to second
Batting: SHB Wayne Saunders 0-0: Ball
1-0: Ball
2-0: Called Strike
2-1: Ball
3-1: Fly out, F8 (Flyball, 8LD)
Top of the 8th over - 2 run(s), 5 hit(s), 0 error(s), 3 left on base; Salt Lake City 3 - Alloway 1
BOTTOM OF THE 8TH
Alloway Halberds batting - Pitching for Salt Lake City Buzz : RHP Caleb Sobieski
Pitching: RHP Lorenzo López
Now at 2B: Jasper Otto
Now at SS: Pablo Coloa
Batting: RHB Wes Bradley 0-0: Ground out 1-3 (Groundball, P)
Batting: RHB Rafael Delgado 0-0: Ball
1-0: SINGLE (Groundball, 15S) (infield hit)
Batting: RHB Bryan Clifton 0-0: Ball
1-0: Ball
2-0: Ball
3-0: Called Strike
3-1: Grounds into double play, 5-4-3 (Groundball, 5)
Bottom of the 8th over - 0 run(s), 1 hit(s), 0 error(s), 0 left on base; Salt Lake City 3 - Alloway 1
TOP OF THE 9TH
Salt Lake City Buzz batting - Pitching for Alloway Halberds : RHP Rewa Malaki
Batting: RHB Josh Stafford 0-0: Called Strike
0-1: Swinging Strike
0-2: Ground out 4-3 (Groundball, 4)
Batting: RHB Quigley Gibson 0-0: Ball
1-0: Called Strike
1-1: Ball
2-1: Ball
3-1: Base on Balls
Batting: SHB Pablo Coloa 0-0: Fly out, F4 (Popup, 4MD)
Batting: RHB Justin MacPherson 0-0: Ball
1-0: Called Strike
1-1: Ball
2-1: Foul Ball, location: 2F
2-2: Ball
3-2: Foul Ball, location: 2F
3-2: Foul Ball, location: 2F
3-2: Foul Ball, location: 2F
3-2: SINGLE (Groundball, 56D)
Quigley Gibson to second
Quigley Gibson to third
Batting: LHB Frank Sharp 0-0: Called Strike
0-1: Ball
1-1: Ball
2-1: SINGLE (Groundball, 4MD)
Quigley Gibson scores
Justin MacPherson to second
Batting: SHB Jasper Otto 0-0: Called Strike
0-1: Ball
1-1: Ball
2-1: Hit by Pitch
Justin MacPherson to third
Frank Sharp to second
Batting: LHB Roberto Soto 0-0: Called Strike
0-1: Foul Ball, location: 2F
0-2: Fielders Choice at 2nd, 4-6 (Groundball, 4)
Top of the 9th over - 1 run(s), 2 hit(s), 0 error(s), 2 left on base; Salt Lake City 4 - Alloway 1
BOTTOM OF THE 9TH
Alloway Halberds batting - Pitching for Salt Lake City Buzz : RHP Lorenzo López
Pitching: RHP Luis Bejarano
Batting: LHB Jorge Flores 0-0: Called Strike
0-1: Ball
1-1: Ball
2-1: Ball
3-1: Base on Balls
Batting: RHB Vito Middendorf 0-0: Called Strike
0-1: Ball
1-1: Swinging Strike
1-2: Strikes out looking
Batting: RHB Juan Salinas 0-0: Foul Ball, location: 2F
0-1: Swinging Strike
0-2: Ball
1-2: Grounds into double play, 5-4-3 (Groundball, 5L)
Bottom of the 9th over - 0 run(s), 0 hit(s), 0 error(s), 0 left on base; Salt Lake City 4 - Alloway 1
Thursday, August 10th, 2017 - OOTP Baseball 17.12 Build 75